 Dungeon Crawl Stone Soup version 0.17.1-1-g73c8601 (webtiles) character file.

5769 Goblin1989 the Unseen (level 10, -17/46 HPs)
             Began as a Vine Stalker Assassin on Jan 2, 2016.
             Was an Initiate of Gozag.
             Demolished by a komodo dragon (21 damage)
             ... on level 2 of the Lair of Beasts.
             The game lasted 00:59:59 (8145 turns).

Goblin1989 the Unseen (Vine Stalker Assassin)       Turns: 8145, Time: 00:59:59

Health: -17/46     AC:  9    Str: 18    XL:     10   Next: 78%
Magic:  0/11       EV: 10    Int: 11    God:    Gozag
Gold:   471        SH:  0    Dex: 19    Spells: 0 memorised, 9 levels left

rFire  . . .     SeeInvis .     a - +2 dagger
rCold  + . .     Clarity  .     u - +2 ring mail {rC+}
rNeg   . . .     SustAt   .     (no shield)
rPois  +         Gourm    .     (no helmet)
rElec  +         Spirit   +     d - +0 cloak
rCorr  .         Warding  .     (no gloves)
rMut   .         Stasis   .     h - +0 pair of boots
MR     +....                    (no amulet)
Stlth  ++++++....               G - ring of Sioti {Wiz rElec rPois rF- Str+4}
                                c - ring of protection from fire

@: somewhat resistant to hostile enchantments, very stealthy
A: fangs 3, regeneration 2, magic shield, antimagic bite, no device heal 3, rot
immunity
a: Potion Petition, Call Merchant, Bribe Branch, Renounce Religion


You were on level 2 of the Lair of Beasts.
You worshipped Gozag.
Gozag was noncommittal.
You were full.

You visited 3 branches of the dungeon, and saw 11 of its levels.

You collected 1589 gold pieces.
You spent 420 gold pieces at shops.
You paid 698 gold pieces to Gozag.

Inventory:

Hand Weapons
 a - a +2 dagger (weapon)
 b - a +0 blowgun
 q - a +0 vampiric dagger
Missiles
 e - 26 poisoned needles
Armour
 d - a +0 cloak (worn)
 h - a +0 pair of boots (worn)
 u - a +2 ring mail of cold resistance (worn)
 C - a +0 shield
Rods
 B - a +2 rod of destruction (11/11)
   (You found it on level 8 of the Dungeon)
Jewellery
 c - a ring of protection from fire (left hand)
 t - a cursed -3 ring of strength {unknown}
 G - the ring of Sioti (right hand) {Wiz rElec rPois rF- Str+4}
   (You found it on level 8 of the Dungeon)

   [ring of wizardry]

   It improves your spell success rate.
   It affects your strength (+4).
   It makes you vulnerable to fire.
   It insulates you from electricity.
   It protects you from poison.
Wands
 v - a wand of fire (5)
 y - a wand of random effects (35)
 D - a wand of slowing (40)
 K - a wand of teleportation (3)
Scrolls
 j - a scroll of noise {unknown}
 m - a scroll of fear {unknown}
 n - a scroll of amnesia {unknown}
 w - a scroll of random uselessness {unknown}
 x - a scroll of enchant armour {unknown}
 z - a scroll of remove curse
 A - 2 scrolls of teleportation
 E - a scroll of acquirement {unknown}
Potions
 i - 7 potions of curing
 k - a potion of degeneration {unknown}
 l - 5 potions of flight
 o - a potion of cure mutation {unknown}
 p - 2 potions of resistance
 r - a potion of ambrosia {unknown}
 s - a potion of invisibility
Comestibles
 g - 7 bread rations
 H - 3 meat rations
 I - 3 slices of pizza
 J - 2 beef jerkies


   Skills:
 - Level 1.7 Fighting
 * Level 9.2 Short Blades
 - Level 1.7 Throwing
 - Level 0.7 Dodging
 + Level 15.8 Stealth


You had 9 spell levels left.
You didn't know any spells.

Dungeon Overview and Level Annotations

Branches:
Dungeon (8/15)             Temple (1/1) D:4            Lair (2/8) D:8

Altars:
Ashenzari
Cheibriados
Dithmenos
Elyvilon
Fedhas
Gozag
Kikubaaqudgha
Makhleb
Nemelex Xobeh
Okawaru
Qazlal
Ru
Sif Muna
Trog
Vehumet
Xom
Yredelemnul
Zin
The Shining One


Innate Abilities, Weirdness & Mutations

You have razor-sharp teeth.
You heal very quickly.
When hurt, damage is shared between your health and your magic reserves.
Your bite disrupts and absorbs the magic of your enemies.
Potions and wands cannot restore your health.
You are immune to rotting.


Message History

The komodo dragon is severely wounded.
You hit the komodo dragon but do no damage.
The komodo dragon is severely wounded.
The komodo dragon closely misses you.
You hit the komodo dragon.
The komodo dragon is severely wounded.
You hit the komodo dragon but do no damage.
Your bite misses the komodo dragon.
The komodo dragon is severely wounded.
The komodo dragon barely misses you.
You hit the komodo dragon.
The komodo dragon is severely wounded.
You hit the komodo dragon but do no damage.
You bite the komodo dragon. You drain its power.
You feel invigorated.
The komodo dragon is almost dead.
The komodo dragon bites you!!
* * * LOW HITPOINT WARNING * * *
The komodo dragon bites you!!
You die...
Your body crumbles into a pile of gold.

### ### ##..##P### ##
##........##.#
.......@.....#
........l....#
...........### ##.
...........# #...
..........$## ###....
#...........## ##......
#............## #.......
#.......P.....###..<(...
..P...P####.(##(......


You could see a komodo dragon.

Vanquished Creatures
  Pikel (D:8)
  A black mamba (Lair:1)
  2 komodo dragons (Lair:1)
  A spiny frog (Lair:1)
  A wyvern (D:7)
  A hungry ghost (D:7)
  Edmund (D:5)
  3 wolves (Lair:1)
  A water moccasin (D:8)
  A porcupine (Lair:1)
  2 sky beasts (D:7)
  4 slaves (D:7)
  3 orc warriors
  A phantom (D:7)
  A crocodile (Lair:1)
  4 ogres
  A big kobold (D:8)
  2 centaurs
  Blork the orc (D:4)
  2 giant frogs
  2 scorpions
  6 killer bees (D:7)
  8 wights
  6 crimson imps
  A gnoll shaman (D:6)
  2 hounds
  4 orc wizards
  A centaur zombie (D:6)
  A centaur skeleton (D:4)
  A jelly (D:8)
  2 orc priests (D:7)
  2 giant frog skeletons
  4 iguanas
  4 worker ants
  A hell rat (D:7)
  A killer bee zombie (D:8)
  2 hound skeletons
  11 adders
  7 gnolls
  A river rat (D:7)
  2 shadow imps
  An adder zombie (D:7)
  3 worms
  33 orcs
  A ball python (D:1)
  6 goblins
  5 hobgoblins
  6 quokkas
  9 bats
  4 giant cockroaches
  3 giant geckos
  3 giant gecko skeletons
  6 giant newts
  8 jackals
  A jackal skeleton (D:4)
  2 jackal zombies
  8 kobolds
  10 rats
212 creatures vanquished.

Notes
Turn   | Place    | Note
--------------------------------------------------------------
     0 | D:1      | Goblin1989 the Vine Stalker Assassin began the quest for the Orb.
     0 | D:1      | Reached XP level 1. HP: 11/11 MP: 2/2
    45 | D:1      | Reached skill level 5 in Stealth
   228 | D:1      | Reached XP level 2. HP: 15/15 MP: 3/3
   970 | D:2      | Reached skill level 6 in Stealth
   970 | D:2      | Reached XP level 3. HP: 14/18 MP: 4/4
  1033 | D:2      | Found a radiant altar of Vehumet.
  1297 | D:2      | Reached XP level 4. HP: 19/23 MP: 5/5
  1782 | D:3      | Found a shimmering altar of Xom.
  1797 | D:3      | Found a glowing silver altar of Zin.
  1797 | D:3      | Found an opulent altar of Gozag.
  1798 | D:3      | Found a shattered altar of Ashenzari.
  1814 | D:3      | Became a worshipper of Gozag Ym Sagoz the Greedy
  2139 | D:4      | Reached skill level 7 in Stealth
  2139 | D:4      | Reached XP level 5. HP: 26/26 MP: 6/6
  2173 | D:4      | Found a staircase to the Ecumenical Temple.
  2183 | Temple   | Entered the Ecumenical Temple
  2418 | D:3      | Reached skill level 8 in Stealth
  2473 | D:3      | You fall through a shaft for 2 floors!
  2473 | D:5      | Entered Level 5 of the Dungeon
  2475 | D:5      | Gained mutation: You heal very quickly. [Vine Stalker growth]
  2475 | D:5      | Reached XP level 6. HP: 30/30 MP: 7/7
  2830 | D:5      | Noticed Edmund
  2860 | D:5      | Killed Edmund
  2860 | D:5      | Reached skill level 9 in Stealth
  2948 | D:5      | Noticed a centaur
  2950 | D:5      | Killed a centaur
  2950 | D:5      | Reached XP level 7. HP: 34/34 MP: 8/8
  3249 | D:4      | Reached skill level 10 in Stealth
  3512 | D:4      | Found a shadowy altar of Dithmenos.
  3759 | D:4      | Noticed Blork the orc
  3767 | D:4      | Killed Blork the orc
  4331 | D:6      | Gained mutation: You have razor-sharp teeth. [Vine Stalker growth]
  4331 | D:6      | Reached XP level 8. HP: 34/38 MP: 9/9
  4381 | D:6      | Found a snail-covered altar of Cheibriados.
  4408 | D:6      | Reached skill level 11 in Stealth
  4872 | D:6      | Reached skill level 12 in Stealth
  5167 | D:7      | Reached skill level 5 in Short Blades
  5338 | D:7      | Reached XP level 9. HP: 42/42 MP: 10/10
  5362 | D:7      | Reached skill level 13 in Stealth
  5374 | D:7      | Noticed Pikel
  6450 | D:7      | Reached skill level 14 in Stealth
  6511 | D:7      | Found an ancient bone altar of Kikubaaqudgha.
  6722 | D:8      | Killed Pikel
  6722 | D:8      | Reached XP level 10. HP: 41/46 MP: 11/11
  6736 | D:8      | Got a transparent wooden ring
  6739 | D:8      | Identified the ring of Sioti {Wiz rElec rPois rF- Str+4} (You found it on level 8 of the Dungeon)
  6881 | D:8      | Reached skill level 15 in Stealth
  7163 | D:8      | Found a staircase to the Lair.
  7230 | D:8      | Found a shadowy altar of Dithmenos.
  7447 | Temple   | Bought a meat ration for 65 gold pieces
  7447 | Temple   | Bought a meat ration for 65 gold pieces
  7447 | Temple   | Bought a bread ration for 65 gold pieces
  7447 | Temple   | Bought a bread ration for 65 gold pieces
  7447 | Temple   | Bought a meat ration for 65 gold pieces
  7447 | Temple   | Bought a slice of pizza for 19 gold pieces
  7447 | Temple   | Bought a beef jerky for 19 gold pieces
  7447 | Temple   | Bought a beef jerky for 19 gold pieces
  7447 | Temple   | Bought a slice of pizza for 19 gold pieces
  7447 | Temple   | Bought a slice of pizza for 19 gold pieces
  7533 | Lair:1   | Entered Level 1 of the Lair of Beasts
  7642 | Lair:1   | Noticed a black mamba
  7667 | Lair:1   | Killed a black mamba
  8021 | Lair:1   | Noticed an eight-headed hydra
  8142 | Lair:2   | HP: 2/46 [komodo dragon (15)]
  8145 | Lair:2   | Demolished by a komodo dragon

Action                   |  1- 3 |  4- 6 |  7- 9 | 10-12 || total
-------------------------+-------+-------+-------+-------++-------
Melee: Dagger            |    59 |   110 |   448 |   197 ||   814
 Fire: Blowgun           |     9 |    25 |   105 |    38 ||   177
Invok: Call Merchant     |       |       |       |     1 ||     1
  Use: Scroll            |       |       |     2 |     7 ||     9
       Potion            |       |       |       |     1 ||     1
 Stab: Sleeping          |    17 |    16 |    22 |    11 ||    66
       Distracted        |       |     2 |     5 |     1 ||     8
  Eat: Chunk             |     1 |     1 |       |       ||     2
       Meat ration       |       |     2 |     1 |       ||     3
       Bread ration      |       |       |     3 |       ||     3
       Fruit             |       |       |       |     9 ||     9
